 Dungeon Crawl Stone Soup version 0.17-a0-530-gbe3d13a (webtiles) character file.

54 Fluffy the Slasher (level 3, -1/27 HPs)
             Began as a Demonspawn Gladiator on Apr 12, 2015.
             Succumbed to a kobold's poison
             ... on level 3 of the Dungeon.
             The game lasted 00:05:27 (1864 turns).

Fluffy the Slasher (Demonspawn Gladiator)           Turns: 1864, Time: 00:05:27

Health: -1/27      AC:  9    Str: 21    XL:     3   Next: 66%
Magic:  3/3        EV:  8    Int: 18    God:
Gold:   130        SH:  0    Dex: 13    Spells: 0 memorised, 2 levels left

rFire  . . .     SeeInvis .     a - +0 long sword
rCold  . . .     Clarity  .     h - +0 chain mail
rNeg   + . .     SustAb   .     (no shield)
rPois  .         Gourm    .     (helmet restricted)
rElec  .         Spirit   .     e - +0 cloak
rCorr  .         Warding  .     (no gloves)
rMut   .         Stasis   .     (no boots)
MR     .....                    (no amulet)
Stlth  ..........               k - +4 ring of intelligence
                                b - ring of positive energy

@: mighty, brilliant, lethally poisoned (-1 -> -15), not resistant to hostile
enchantments, extremely unstealthy
A: antennae 1, spiny 1
a: no special abilities


You were on level 3 of the Dungeon.
You were not hungry.

You visited 1 branch of the dungeon, and saw 3 of its levels.

You collected 130 gold pieces.

Inventory:

Hand weapons
 a - a +0 long sword (weapon)
Missiles
 d - 3 throwing nets (quivered)
Armour
 c - a +0 helmet
 e - a +0 cloak (worn)
 h - a +0 chain mail (worn)
Jewellery
 b - a ring of positive energy (left hand)
 k - a +4 ring of intelligence (right hand)
Scrolls
 i - 4 scrolls of identify {unknown}
 j - a scroll of amnesia {unknown}
 l - a scroll of fear {unknown}
 n - a scroll of recharging {unknown}
 p - 2 scrolls of blinking {unknown}
Comestibles
 f - 2 bread rations
 g - 3 beef jerkies
 m - 2 slices of pizza
 r - a meat ration


   Skills:
 - Level 2.0 Fighting
 + Level 3.8 Long Blades
 - Level 1.7 Throwing
 + Level 1.5 Armour
 - Level 2.6 Dodging


You had 2 spell levels left.
You didn't know any spells.

Dungeon Overview and Level Annotations

Branches:
Dungeon (3/15)

Altars:
Kikubaaqudgha
Sif Muna
Vehumet


Innate Abilities, Weirdness & Mutations

You have a pair of small antennae on your head.
You are partially covered in sharp spines.


Message History

Okay, then.
Drink which item? (? for menu, Esc to quit)
It was a potion of brilliance.
You feel clever all of a sudden.
* * * LOW HITPOINT WARNING * * *
You feel sick. The adder bites you but does no damage.
Drink which item? (? for menu, Esc to quit)
It was a potion of might.
You feel very mighty all of a sudden.
* * * LOW HITPOINT WARNING * * *
You feel sick. The adder bites you.
* * * LOW HITPOINT WARNING * * *
The adder bites you but does no damage.
You barely miss the adder.
* * * LOW HITPOINT WARNING * * *
You feel sick. The adder bites you.
* * * LOW HITPOINT WARNING * * *
You hit the adder.
The adder is severely wounded.
You die...

......:_# #.⌠.#...#
#...##8## .....######
.#........# ####
.###...##.# ..# .#
###..#.###### #.### .#
##.#(..)..####...####..
.#
#.######..@SK........#
.# #.# #######.##.....
## #.# #.# # # #.## #..
#### #..# ....
...#####.# .....
##...###.## .......
####......# ........
.#######........
........


You could see an adder and a kobold.

Vanquished Creatures
  A worm (D:1)
  2 oozes (D:1)
  8 bats
  3 giant cockroaches
  3 goblins (D:1)
  7 hobgoblins
  2 jackals (D:1)
  4 kobolds
  3 giant newts
  9 rats
42 creatures vanquished.

Notes
Turn   | Place    | Note
--------------------------------------------------------------
     0 | D:1      | Fluffy, the Demonspawn Gladiator, began the quest for the Orb.
     0 | D:1      | Reached XP level 1. HP: 16/16 MP: 1/1
    35 | D:1      | Reached skill level 3 in Long Blades
   158 | D:1      | Gained mutation: You are partially covered in sharp spines. [demonic ancestry]
   158 | D:1      | Reached XP level 2. HP: 11/22 MP: 2/2
   433 | D:1      | Reached skill level 1 in Armour
   837 | D:1      | Gained mutation: You have a pair of small antennae on your head. [demonic ancestry]
   837 | D:1      | Reached XP level 3. HP: 12/27 MP: 3/3
  1661 | D:3      | Found a deep blue altar of Sif Muna.
  1670 | D:3      | Found an ancient bone altar of Kikubaaqudgha.
  1670 | D:3      | Found a radiant altar of Vehumet.
  1675 | D:3      | Identified Vehumet's Papyrus of Attacks
  1683 | D:3      | Identified Sif Muna's Handbook of the Entourage
  1691 | D:3      | Identified Kikubaaqudgha's Almanac of Evil Rites
  1863 | D:3      | HP: 1/27 [adder (2)]
  1864 | D:3      | Succumbed to a kobold's poison

Action                   || total
-------------------------++-------
Melee: Long sword        ||   159
  Use: Potion            ||     2
  Eat: Chunk             ||     3
